Map: Orbital Shipyard

Players

LilDicky

  • Race: Terran Terran
  • League: Diamond

Cerdoken - Winner!

  • Race: Zerg Zerg
  • League: Diamond

VOD

http://www.twitch.tv/tumescentpie

Description

Time

  • Played on: Nov. 27, 2015, 11:22 p.m.
  • Length: 9:08
Show
View Real Time Build Order
Export as new Build Order

LilDicky Terran 

Build Orders: Bio Tank, MMM Bio, Banshee Rush 

Get SALT Encoding   

  12  0:01  SCV  
  13  0:13  SCV  
  14  0:18  Supply Depot  
  14  0:26  SCV  
  15  0:40  SCV  
  16  0:43  Refinery  
  16  0:45  Barracks  
  16  0:52  SCV  
  17  1:10  SCV  
  18  1:22  SCV  
  19  1:31  Marine  
  20  1:33  Supply Depot  
  20  1:35  Orbital Command  
  20  1:50  Factory  
  20  1:51  Marine  
  21  1:57  Refinery  
  21  2:03  SCV  
  22  2:10  Marine  
  23  2:16  Command Center  
  23  2:18  SCV  
  24  2:29  Marine  
  25  2:30  SCV  
  25  2:36  Factory Tech Lab, Starport  
  26  2:52  SCV  
  26  2:56  Siege Tank  
  30  3:04  SCV, Supply Depot  
  31  3:13  Starport Tech Lab  
  31  3:25  SCV, Marine  
  33  3:27  Orbital Command  
  33  3:32  Siege Tank  
  36  3:37  SCV  
  36  3:38  Cloaking Field  
  37  3:50  SCV  
  37  3:52  Marine  
  39  3:57  Banshee  
  39  3:58  SCV  
  39  4:02  SCV  
  44  4:10  SCV  
  44  4:14  SCV  
  46  4:20  Refinery  
  46  4:22  Siege Tank  
  46  4:24  Command Center, SCV  
  50  4:27  SCV  
  52  4:36  SCV  
  52  4:47  SCV  
  52  4:51  SCV, Supply Depot  
  54  5:05  Supply Depot  
  54  5:07  Engineering Bay  
  54  5:13  SCV x2, Siege Tank  
  59  5:16  Starport Reactor  
  59  5:22  Barracks  
  59  5:23  Barracks x2  
  59  5:25  SCV  
  60  5:41  SCV x2  
  62  5:45  Orbital Command  
  62  5:47  Stimpack, Marine  
  63  5:53  Supply Depot, SCV x2  
  63  5:54  Missile Turret  
  65  5:57  Missile Turret  
  65  6:05  SCV  
  65  6:07  SCV  
  65  6:08  Medivac x2  
  72  6:16  Siege Tank  
  72  6:17  Barracks Reactor  
  72  6:18  Barracks Reactor  
  76  6:20  Barracks Tech Lab  
  76  6:21  Marine  
  76  6:23  Orbital Command  
  76  6:24  SCV  
  76  6:28  Supply Depot  
  76  6:30  SCV  
  76  6:31  Refinery  
  77  6:39  Marine  
  78  6:40  Marine  
  78  6:41  Bunker  
  79  6:47  SCV x2  
  79  6:48  Siege Tank  
  84  6:56  SCV  
  84  6:57  Marine  
  84  6:59  SCV  
  84  7:00  SCV  
  84  7:01  Marine x2  
  90  7:07  Medivac x2  
  94  7:08  SCV  
  94  7:11  SCV  
  94  7:12  SCV  
  94  7:14  Missile Turret  
  97  7:15  Supply Depot  
  97  7:22  SCV, Armory  
  98  7:23  Barracks x2  
  98  7:24  Marine  
  98  7:25  Engineering Bay, Marine  
  98  7:26  Barracks  
  98  7:28  SCV  
  101  7:37  Marauder, Medivac x2, Marine x2  
  101  7:41  Supply Depot  
  109  7:48  Combat Shields  
  109  7:51  Concussive Shells  
  109  8:00  Marine  
  109  8:01  SCV  
  109  8:02  Marine  
  109  8:03  Marauder, Marine  
  109  8:05  Missile Turret  
  111  8:06  Missile Turret  
  106  8:15  Missile Turret x2  
  106  8:19  Missile Turret  
  100  8:20  Missile Turret  
  100  8:21  Marauder  
  100  8:23  Missile Turret  
  100  8:24  Missile Turret  
  100  8:25  Missile Turret  
  99  8:28  Marine x2  
  99  8:29  Marine x2  
  101  8:41  Supply Depot  
  101  8:44  Supply Depot  
Show
View Real Time Build Order
Export as new Build Order

Cerdoken Zerg - Winner!

Build Orders: Hatch First 

Get SALT Encoding   

  12  0:01  Drone  
  13  0:10  Drone  
  14  0:26  Overlord  
  14  0:30  Extractor  
  14  0:32  Extractor  
  14  0:33  Drone x2  
  16  0:55  Drone x2  
  18  1:05  Hatchery  
  18  1:06  Drone, Extractor  
  17  1:20  Drone  
  18  1:38  Drone, Spawning Pool  
  18  1:39  Drone  
  19  1:52  Drone  
  19  1:53  Hatchery  
  19  2:00  Overlord  
  19  2:24  Metabolic Boost  
  19  2:25  Queen x2  
  19  2:28  Zergling x2  
  24  2:32  Zergling x2  
  25  2:37  Drone  
  26  2:53  Drone x5  
  31  2:59  Overlord  
  31  3:13  Drone x3  
  31  3:17  Overlord  
  31  3:18  Overlord  
  34  3:25  Queen  
  36  3:37  Drone x2, Extractor  
  36  3:38  Drone x2, Extractor  
  36  3:39  Drone  
  39  3:42  Drone  
  39  3:44  Drone  
  39  3:46  Drone  
  42  3:49  Drone  
  43  3:58  Overlord  
  43  4:01  Lair  
  43  4:03  Extractor  
  42  4:11  Drone x4  
  42  4:13  Drone  
  42  4:15  Drone  
  48  4:20  Drone x2  
  48  4:22  Drone  
  51  4:24  Drone  
  51  4:28  Drone  
  52  4:45  Drone  
  52  4:46  Drone x2, Roach Warren  
  52  4:47  Evolution Chamber, Drone  
  52  4:48  Evolution Chamber, Drone  
  54  5:04  Spore Crawler  
  54  5:05  Spore Crawler  
  51  5:11  Drone x2, Spore Crawler  
  51  5:12  Spire  
  51  5:26  Queen  
  50  5:41  Overseer  
  50  5:45  Glial Reconstitution  
  50  5:54  Queen x2  
  54  6:19  Drone  
  54  6:20  Drone x10  
  54  6:21  Overlord x3  
  65  6:30  Zerg Ground Armor Level 1, Zerg Melee Weapons Level 1  
  65  6:39  Mutalisk  
  65  6:40  Mutalisk x10  
  65  6:44  Overlord  
  87  6:54  Mutalisk  
  87  6:56  Overlord x3  
  87  7:01  Pneumatized Carapace  
  89  7:05  Drone x4  
  89  7:06  Drone x3  
  89  7:08  Extractor  
  95  7:11  Extractor  
  94  7:17  Drone x4, Infestation Pit  
  94  7:18  Drone x2  
  99  7:33  Zergling x2  
  99  7:34  Zergling x22  
  111  7:57  Mutalisk x5  
  121  8:05  Overlord x3  
  119  8:21  Roach  
  119  8:22  Baneling Nest  
  120  8:39  Roach x7  
  120  8:40  Roach x6  
  146  8:41  Overlord x3  
  146  8:42  Overlord  
Tags
 
Add a new tag
Caveats
  • Supply blocks, unpowered buildings, or Contaminate may cause inaccurate times.
  • Supply counts are checked every 10 seconds.